 Dungeon Crawl Stone Soup version 0.28.0-45-g0d030f2227 (webtiles) character file.

Game seed: 13992537348780919548

1801 McKennaii the Destroyer (level 8, -11/46 (52) HPs)
             Began as a Demonspawn Conjurer on Apr 12, 2022.
             Mangled by Duvessa
             ... wielding a +4 short sword of draining
              (15 damage)
             ... on level 6 of the Dungeon.
             The game lasted 00:06:45 (7822 turns).

McKennaii the Destroyer (Demonspawn Conjurer)       Turns: 7822, Time: 00:06:46

HP:   -11/46 (52)   AC:  2    Str: 13    XL:     8   Next: 83%
MP:   1/19          EV: 12    Int: 27    God:
Gold: 180           SH:  0    Dex:  9    Spells: 15/22 levels left

rFire   + . .      SeeInvis +   f - +5 mace of Disarray {vorpal, Will+ Str+4 Dex-4}
rCold   . . .      Faith    .   (no shield)
rNeg    . . .      Spirit   .   a - +0 robe
rPois   .          Reflect  .   (no helmet)
rElec   .          Harm     .   (no cloak)
rCorr   .          Rampage  .   (no gloves)
Will    ++...                   (no boots)
Stlth   ++........              (no amulet)
HPRegen 0.15/turn               h - ring "Uqinuer" {*Corrode Will+ Int+6 Dex+2 SInv}
MPRegen 0.16/turn               j - ring of protection from fire

@: heavily drained
A: powered by pain 1, spiny 1, weakness stinger 1
a: no special abilities


You were on level 6 of the Dungeon.
You visited 1 branch of the dungeon, and saw 6 of its levels.

You collected 360 gold pieces.
You spent 180 gold pieces at shops.

Inventory:

Hand Weapons
 f - the +5 mace of Disarray (weapon) {vorpal, Will+ Str+4 Dex-4}
   (You found it on level 2 of the Dungeon)

   It inflicts extra damage upon your enemies.
   Str:       It affects your strength (+4).
   Dex:       It affects your dexterity (-4).
   Will:      It increases your willpower.
Armour
 a - a +0 robe (worn)
 m - a +0 ring mail of positive energy
Jewellery
 h - the ring "Uqinuer" (left hand) {*Corrode Will+ Int+6 Dex+2 SInv}
   (You found it on level 2 of the Dungeon)

   [ring of intelligence]

   Int:       It affects your intelligence (+6).
   Dex:       It affects your dexterity (+2).
   SInv:      It lets you see invisible.
   *Corrode:  It may corrode you when you take damage.
   Will:      It increases your willpower.
 j - a ring of protection from fire (right hand)
 s - a ring of see invisible
Wands
 q - a wand of mindburst (8)
 t - a wand of polymorph (6)
Scrolls
 b - 4 scrolls of identify {unknown}
 c - 2 scrolls of noise {unknown}
 d - 8 scrolls of teleportation {unknown}
 g - 2 scrolls of fear {unknown}
 k - a scroll of amnesia {unknown}
 l - a scroll of fog {unknown}
 n - a scroll of magic mapping {unknown}
 o - a scroll of holy word {unknown}
Potions
 e - a potion of resistance
 i - a potion of brilliance {unknown}
 p - a potion of attraction {unknown}
 r - a potion of might {unknown}
 u - a potion of haste {unknown}


   Skills:
 - Level 1.7 Dodging
 - Level 1.7 Stealth
 + Level 7.7 Spellcasting
 + Level 9.1 Conjurations


You had 15 spell levels left.
You knew the following spells:

 Your Spells              Type           Power      Damage    Failure   Level
a - Magic Dart            Conj           100%       1d8       1%          1
b - Searing Ray           Conj           100%       2d8       1%          2
c - Iskenderun's Mystic   Conj/Tloc      35%        2d8       9%          4

Your spell library contained the following spells:

 Spells                   Type           Power      Damage    Failure   Level
 Dazzling Flash           Conj/Hex       70%        N/A       2%          3
 Mephitic Cloud           Conj/Pois/Air  26%        N/A       4%          3
 Apportation              Tloc           20%        N/A       5%          1
 Call Imp                 Summ           10%        N/A       9%          2
 Sublimation of Blood     Necr           10%        N/A       9%          2
 Fulminant Prism          Conj/Hex       17%        3d11      9%          4
 Irradiate                Conj/Tmut      17%        3d19      24%         5
 Petrify                  Tmut/Erth      10%        N/A       47%         4
 Alistair's Intoxication  Tmut/Pois      6%         N/A       83%         5


Dungeon Overview and Level Annotations

Branches:
Dungeon (6/15)
 Temple: D:4-7

Altars:
Trog

Shops:
D:5 *   D:6 :

Annotations:
D:3 1 runed translucent door, Crazy Yiuf
D:6 Duvessa, Pikel


Innate Abilities, Weirdness & Mutations

You sometimes gain a little power by taking damage.
You are partially covered in sharp spines.
You have a small tail.


Message History

Duvessa is severely wounded.
The searing ray hits Dowan!
You kill Dowan!
Duvessa screams, "No!
How DARE you!"
Duvessa goes berserk!
You finish channelling your searing ray.
Duvessa hits you with a +4 short sword of draining!
You feel drained.
Casting: Searing Ray (safe; 1% risk of failure)
Confirm with . or Enter, or press ? or * to list all spells.
You erupt in a blast of force!
The mystic blast hits Duvessa!
Duvessa is almost dead.
Duvessa is knocked back by the mystic blast.
Unknown command.
Casting: Iskenderun's Mystic Blast (dangerous; 9% risk of failure)
Confirm with . or Enter, or press ? or * to list all spells.
Aiming: Searing Ray (safe; 1% risk of failure)
Press: ? - help, Shift-Dir - straight line, f/p - Duvessa
Aim: Duvessa, wielding a +4 short sword of draining and wearing a +1 scale mail of poison resistance (almost dead, berserk, fast, 87% to hit)
The searing ray hits Duvessa but does no damage.
Duvessa is almost dead. (Press . to maintain the ray.) Without enough magic to sustain it, your searing ray dissipates.
Duvessa hits you with a +4 short sword of draining!
* * * LOW HITPOINT WARNING * * *
You feel drained.
* * * LOW HITPOINT WARNING * * *
Casting: Searing Ray (safe; 1% risk of failure)
Confirm with . or Enter, or press ? or * to list all spells.
You don't have enough magic to cast this spell.
Aiming: Mindburst
Press: ? - help, Shift-Dir - straight line, f/p - Duvessa
Aim: Duvessa, wielding a +4 short sword of draining and wearing a +1 scale mail of poison resistance (almost dead, berserk, fast, chance to affect: 47%)
Okay, then.
Unknown command.
You closely miss Duvessa.
You tail-slap Duvessa, but do no damage.
Duvessa is almost dead.
Duvessa hits you with a +4 short sword of draining!
You die...

#..........#
###.........##
#.....e....#
#...##........
#........##
##....###......
#...>....#
#.....#####....
#.....e.## #......#
###.. ##......#
##......# ##.
.##.....## #......<#
######
........#####.......#
#⌠....
####.....)e@........#
#..≈≈≈
##########.......#
#.≈≈≈≈ ##....###
#∩≈≈≈≈ ####..## #.≈≈≈≈
.## ##..###..≈≈≈ ...##
##..##⌠.... ....)#
##...###### ......
##......##..
........###........###


You could see Duvessa (berserk, fast).

Vanquished Creatures
  Grinder (D:6)
  Prince Ribbit (D:5)
  Edmund (D:5)
  A water moccasin (D:5)
  2 black bears (D:4)
  2 sky beasts (D:6)
  Blork the orc (D:4)
  4 scorpions
  Dowan (D:6)
  An electric eel (D:6)
  A bullfrog zombie (D:5)
  A gnoll shaman (D:6)
  2 hounds
  A jelly (D:5)
  A hound skeleton (D:4)
  9 gnolls
  5 adders
  A howler monkey skeleton (D:5)
  A white imp (D:5)
  An ufetubus (D:5)
  3 adder skeletons (D:4)
  2 dart slugs
  12 orcs
  7 bats
  8 endoplasms
  3 giant cockroaches
  4 goblins
  4 hobgoblins
  4 jackals
  4 kobolds
  3 quokkas
  4 ball pythons
  3 frilled lizards
  7 rats
106 creatures vanquished.

Notes
Turn   | Place    | Note
-------+----------+-------------------------------------------
     0 | D:1      | McKennaii the Demonspawn Conjurer began the quest for the
                  | Orb.
     0 | D:1      | Reached XP level 1. HP: 13/13 MP: 3/3
   365 | D:1      | Gained mutation: You have a small tail. [demonic ancestry]
   365 | D:1      | Reached XP level 2. HP: 19/19 MP: 0/5
   501 | D:1      | Found a faded altar of an unknown god.
   994 | D:1      | Gained mutation: You sometimes gain a little power by
                  | taking damage. [demonic ancestry]
   994 | D:1      | Reached XP level 3. HP: 24/24 MP: 1/7
  1573 | D:2      | Learned a level 2 spell: Searing Ray
  1674 | D:2      | Identified the +5 mace of Disarray {vorpal, Will+ Str+4
                  | Dex-4}
  1801 | D:2      | Found a bloodstained altar of Trog.
  1954 | D:2      | Identified the ring "Uqinuer" {*Corrode Will+ Int+6 Dex+2
                  | SInv}
  1964 | D:2      | Reached XP level 4. HP: 30/30 MP: 0/8
  1979 | D:2      | Reached skill level 5 in Conjurations
  2839 | D:3      | Learned a level 4 spell: Iskenderun's Mystic Blast
  2947 | D:3      | Found a runed translucent door.
  2948 | D:3      | Noticed Crazy Yiuf
  3135 | D:4      | Noticed a black bear
  3242 | D:4      | Noticed a black bear
  3247 | D:4      | Killed a black bear
  3248 | D:4      | Reached XP level 5. HP: 35/35 MP: 3/11
  3708 | D:4      | Reached skill level 6 in Conjurations
  3708 | D:4      | Reached XP level 6. HP: 21/41 MP: 1/12
  4309 | D:4      | Noticed Blork the orc
  4320 | D:4      | Killed Blork the orc
  4513 | D:4      | Reached skill level 5 in Spellcasting
  4924 | D:5      | Entered Level 5 of the Dungeon
  4947 | D:5      | Found Etwux's Assorted Antiques.
  4958 | D:5      | Bought a scroll labelled EQOBEU YFYPN for 30 gold pieces
  4958 | D:5      | Bought a scroll labelled VOBROPNO EJOTZ for 30 gold pieces
  4958 | D:5      | Bought a bone wand for 120 gold pieces
  5087 | D:5      | Gained mutation: You are partially covered in sharp spines.
                  | [demonic ancestry]
  5087 | D:5      | Reached XP level 7. HP: 46/46 MP: 7/14
  5312 | D:5      | Reached skill level 7 in Conjurations
  5534 | D:5      | Noticed Prince Ribbit
  5547 | D:5      | Killed Prince Ribbit
  5809 | D:5      | Noticed Edmund
  5834 | D:5      | Killed Edmund
  5835 | D:5      | Reached XP level 8. HP: 12/52 MP: 6/17
  6534 | D:5      | Reached skill level 8 in Conjurations
  6867 | D:6      | Noticed Pikel
  6867 | D:6      | Noticed Grinder
  7624 | D:6      | Found Reduepio's Book Boutique.
  7691 | D:6      | Killed Grinder
  7692 | D:6      | Reached skill level 9 in Conjurations
  7798 | D:6      | Noticed Dowan
  7798 | D:6      | Noticed Duvessa
  7818 | D:6      | Killed Dowan
  7822 | D:6      | Mangled by Duvessa

Illustrated notes

Levels and vault maps discovered:
D:1:      dpeg_arrival_boxes_within_box, layout_basic,
          shapermc_ecumenical_altar_totnotflames
D:2:      layout_loops_cross, basic_altar
D:3:      layout_basic, uniq_crazy_yiuf_cottage
D:4:      layout_basic, uniq_blork_the_orc
D:5:      layout_layer_cave, serial_shops, shop, nrook_campfire, uniq_edmund,
          uniq_prince_ribbit1
D:6:      layout_cave_pods, serial_shops, nicolae_lakefront_shop,
          lightli_minifort, uniq_duvessa, uniq_pikel, uniq_grinder

Skill      XL: |  1  2  3  4  5  6  7  8 |
---------------+-------------------------+-----
Spellcasting   | 3 4 5 6 7 |  7.7
Conjurations   | 5 6 7 9 |  9.1
Dodging        | |  1.7
Stealth        | |  1.7

Action                   |  1- 3 |  4- 6 |  7- 9 || total
-------------------------+-------+-------+-------++-------
Melee: Unarmed           |     7 |       |       ||     7
       Punch             |     1 |       |       ||     1
       Mace              |       |     5 |     6 ||    11
       Tailslap          |       |     1 |     1 ||     2
 Cast: Magic Dart        |    77 |   105 |    60 ||   242
       Searing Ray       |       |     5 |    24 ||    29
       Iskenderun's Myst |       |       |     3 ||     3
Evoke: Wand              |       |       |     3 ||     3
Armor: Robe              |     3 |     1 |     2 ||     6
Dodge: Dodged            |     5 |    13 |    12 ||    30
